Map: Zen LE

Players

llllllllllll - Winner!

  • Race: Protoss Protoss
  • Spawn Location: 1:00

JohnnyV

  • Race: Terran Terran
  • League: Bronze
  • Spawn Location: 7:00

VOD

Have the link to the VOD?

Description

Time

  • Played on: April 30, 2020, 6:19 p.m.
  • Length: 5:15
Show
View Real Time Build Order
Export as new Build Order

llllllllllll Protoss - Winner!

Build Orders: 1 Gate Expand, Blink Stalkers 

Get SALT Encoding   

  12  0:01  Probe  
  13  0:13  Probe  
  14  0:18  Pylon  
  14  0:25  Probe (Chrono Boost)  
  15  0:37  Probe (Chrono Boost)  
  15  0:39  Gateway  
  16  0:47  Probe (Chrono Boost)  
  17  0:51  Assimilator  
  17  0:55  Probe  
  18  1:07  Probe  
  19  1:19  Probe  
  20  1:32  Probe  
  20  1:38  Nexus  
  21  1:42  Cybernetics Core  
  21  1:48  Probe  
  22  2:00  Probe  
  23  2:02  Pylon  
  23  2:20  Probe (Chrono Boost)  
  23  2:23  Adept (Chrono Boost)  
  23  2:25  Warp Gate  
  25  2:32  Probe (Chrono Boost)  
  25  2:36  Assimilator  
  26  2:40  Probe (Chrono Boost), Twilight Council  
  27  2:46  Probe  
  28  2:52  Probe  
  30  2:58  Probe  
  30  3:05  Probe (Chrono Boost)  
  33  3:08  Stalker  
  33  3:10  Probe (Chrono Boost)  
  34  3:17  Probe (Chrono Boost)  
  34  3:19  Gateway, Blink (Chrono Boost)  
  35  3:20  Gateway  
  35  3:22  Probe (Chrono Boost)  
  36  3:28  Probe x2 (Chrono Boost)  
  36  3:39  Probe  
  36  3:40  Probe  
  38  3:42  Pylon  
  38  3:51  Probe  
  38  3:52  Probe  
  38  3:53  Assimilator  
  40  3:56  Assimilator  
  40  4:03  Probe  
  40  4:04  Probe  
  40  4:07  Pylon  
  42  4:15  Probe  
  42  4:16  Probe  
  44  4:22  Stalker x2  
  44  4:23  Stalker  
  50  4:27  Probe  
  50  4:28  Probe  
  52  4:34  Shield Battery  
  52  4:35  Shield Battery  
  52  4:47  Robotics Facility  
  52  4:51  Gateway  
  52  4:53  Gateway  
Show
View Real Time Build Order
Export as new Build Order

JohnnyV Terran 

Build Orders:  

Get SALT Encoding   

  12  0:01  SCV  
  13  0:16  Supply Depot  
  13  0:17  SCV  
  14  0:29  SCV  
  15  0:40  Barracks  
  15  0:41  SCV  
  16  0:50  Refinery  
  16  0:53  SCV  
  17  1:05  SCV  
  18  1:17  SCV  
  19  1:30  Marine, Barracks  
  20  1:35  Supply Depot  
  20  1:40  Refinery  
  20  1:48  Orbital Command  
  20  1:54  Marine  
  21  2:14  Marine  
  23  2:26  Factory  
  22  2:30  Barracks Reactor  
  22  2:33  Marine  
  23  2:51  Marine, Barracks Reactor  
  24  3:09  Marine  
  24  3:12  SCV  
  26  3:24  SCV  
  26  3:27  Marine  
  27  3:37  Barracks Tech Lab  
  27  3:46  Barracks Tech Lab  
  27  3:52  Hellion x2  
  31  4:10  Supply Depot  
  31  4:13  Supply Depot  
  31  4:31  Marine  
  31  4:32  Hellion x2, Marauder  
  38  4:49  Marine  
  39  4:53  Marine  
Tags
 
Composition
Blink Stalkers
League
Bronze
Matchup
PvT
Spawn Locations
Cross Positions
Add a new tag
Caveats
  • Supply blocks, unpowered buildings, or Contaminate may cause inaccurate times.
  • Supply counts are checked every 10 seconds.